[Event "Titled Tuesday Blitz April 19 Late 2022"]
[White "Bilan, Danila"]
[Black "Mikhalsky, Vladimir"]
[WhiteFideId "24161918"]
[BlackFideId "14144352"]
[WhiteElo "2164"]
[BlackElo "2301"]
[Result "0-1"]
[Round "09"]
[TimeControl "180+1"]
[Date "2022.04.19"]
[WhiteClock "0:00:03"]
[BlackClock "0:00:25"]

1. d4 Nf6 2. Nf3 g6 3. Bg5 Bg7 4. c3 c5 5. e3 O-O 6. Nbd2 b6 7. Bd3 Bb7 8. O-O d6 9. Qc2 Nc6 10. a4 e5 11. dxe5 dxe5 12. e4 Qc7 13. Bc4 h6 14. Bxf6 Bxf6 15. Rfe1 Na5 16. Ba2 c4 17. Nf1 Qc6 18. Rad1 Rfd8 19. Bb1 Nb3 20. Ne3 Qxa4 21. Nd2 b5 22. Nxb3 cxb3 23. Qe2 Bg7 24. g3 Bxe4 25. Bxe4 Qxe4 26. Qxb5 h5 27. Qxb3 Bh6 28. Nd5 Qf3 29. Ne7+ Kf8 30. Nd5 Rab8 31. Qa3+ Kg7 32. Ne3 Bxe3 33. Rxd8 Qxf2+ 34. Kh1 Qxe1+ 35. Kg2 Qe2+ 36. Kh3 Rxd8 37. Qe7 Qg4+ 38. Kg2 Rd2+ 39. Kf1 0-1


[Site "https://www.chess.com"]

[Event "Titled Tuesday Blitz April 19 Late 2022"]
[White "Bilych, Olexiy"]
[Black "Schekachikhin, Maksim"]
[WhiteFideId "14156504"]
[BlackFideId "24177830"]
[WhiteElo "2176"]
[BlackElo "2230"]
[Result "1-0"]
[Round "09"]
[TimeControl "180+1"]
[Date "2022.04.19"]
[WhiteClock "0:00:55"]
[BlackClock "0:00:16"]

1. e4 c5 2. Nf3 e6 3. d4 cxd4 4. Nxd4 Nc6 5. Nc3 Qc7 6. Be3 a6 7. Qf3 d6 8. O-O-O Bd7 9. Qg3 Nf6 10. f4 g6 11. Nxc6 Bxc6 12. Bd4 Be7 13. Bd3 b5 14. Rhe1 b4 15. Nd5 exd5 16. exd5 O-O 17. dxc6 Nh5 18. Qf3 Bf6 19. Bxf6 Nxf6 20. g4 Rac8 21. g5 Nh5 22. Be4 d5 23. Bxd5 Nxf4 24. Bb3 a5 25. Rd7 Qb8 26. Ree7 a4 27. Bxf7+ Kh8 28. Bxg6 Nd3+ 29. Qxd3 Qf4+ 30. Qe3 Qf1+ 31. Qe1 Qxe1+ 32. Rxe1 hxg6 33. c7 b3 34. axb3 axb3 35. cxb3 1-0


[Site "https://www.chess.com"]

[Event "Titled Tuesday Blitz April 19 Late 2022"]
[White "Bluebaum, Matthias"]
[Black "Lin, Dachey"]
[WhiteFideId "24651516"]
[BlackFideId "2029650"]
[WhiteElo "2550"]
[BlackElo "2313"]
[Result "1-0"]
[Round "09"]
[TimeControl "180+1"]
[Date "2022.04.19"]
[WhiteClock "0:01:28"]
[BlackClock "0:00:13"]

1. d4 g6 2. c4 Bg7 3. Nf3 f5 4. Nc3 Nf6 5. e3 O-O 6. b4 d6 7. Bb2 e5 8. dxe5 dxe5 9. Qxd8 Rxd8 10. Nxe5 c5 11. bxc5 Na6 12. c6 Nb4 13. Rc1 bxc6 14. a3 Na6 15. Nxc6 Rd7 16. Na4 Rc7 17. Nb4 Rb8 18. Be5 Ne4 19. Nxa6 Bxe5 20. Nxb8 1-0


[Site "https://www.chess.com"]

[Event "Titled Tuesday Blitz April 19 Late 2022"]
[White "Bowden, Karl"]
[Black "Kanyamarala, Tarun"]
[WhiteFideId "400548"]
[BlackFideId "45004714"]
[WhiteElo "2358"]
[BlackElo "2177"]
[Result "0-1"]
[Round "09"]
[TimeControl "180+1"]
[Date "2022.04.19"]
[WhiteClock "0:00:01"]
[BlackClock "0:00:28"]

1. e4 c6 2. c4 e5 3. Nf3 d6 4. Nc3 Qc7 5. d4 Bg4 6. Be2 Nd7 7. O-O Ngf6 8. h3 Bxf3 9. Bxf3 g6 10. g3 Bg7 11. d5 O-O 12. Bg2 c5 13. Nb5 Qb8 14. Bd2 Kh8 15. Rb1 a6 16. Nc3 b6 17. a3 Qc7 18. Qe2 Ng8 19. g4 Qd8 20. g5 f5 21. h4 h6 22. Bh3 f4 23. Qg4 Ra7 24. f3 Rf7 25. Kf2 Nf8 26. Rh1 Nh7 27. Rbg1 h5 28. Qg2 b5 29. Qf1 Rfb7 30. Bc1 Qb8 31. Qe2 Nf8 32. Rd1 Ne7 33. Bf1 b4 34. Na4 Nd7 35. Qc2 Nb6 36. Nxb6 Rxb6 37. a4 b3 38. Qc3 Rb4 0-1


[Site "https://www.chess.com"]

[Event "Titled Tuesday Blitz April 19 Late 2022"]
[White "Buchenau, Frank"]
[Black "Kaasen, Tor Fredrik"]
[WhiteFideId "4604350"]
[BlackFideId "1516647"]
[WhiteElo "2193"]
[BlackElo "2335"]
[Result "0-1"]
[Round "09"]
[TimeControl "180+1"]
[Date "2022.04.19"]
[WhiteClock "0:00:01"]
[BlackClock "0:00:02"]

1. e4 e5 2. Bc4 Nc6 3. Nf3 Nf6 4. d3 Bc5 5. O-O O-O 6. c3 d6 7. Nbd2 a5 8. h3 h6 9. Re1 Be6 10. Bb5 Nd7 11. Nf1 f5 12. exf5 Bxf5 13. Ng3 Bg6 14. d4 exd4 15. cxd4 Bb6 16. Be3 Nb4 17. Ba4 Nd5 18. Bb3 Nf6 19. Nh4 Bf7 20. Nhf5 Kh8 21. Rc1 Re8 22. Qd2 Ng8 23. Nxg7 Kxg7 24. Nf5+ Kh7 25. Bxh6 Qf6 26. Bg5 Qg6 27. Bc2 Rxe1+ 28. Rxe1 Nb4 29. Bb1 Bxa2 30. Nh4 Bxb1 31. Nxg6 Bxg6 32. Qf4 Kg7 33. Qg4 Nd5 34. Qd7+ Bf7 35. Re4 Ndf6 36. Bxf6+ Nxf6 37. Rg4+ Nxg4 38. Qxg4+ Bg6 39. h4 Rh8 40. g3 Rh5 41. Qd7+ Kh6 42. Qd8 Kg7 43. Qe7+ Bf7 44. Qe4 Rd5 45. Qg4+ Kf8 46. Qf4 Rxd4 47. Qh6+ Ke7 48. Qg5+ Ke6 49. h5 Rd5 50. Qg4+ Rf5 51. h6 Bxf2+ 52. Kg2 Bh5 53. Qg8+ Bf7 54. Qc8+ Ke5 55. h7 Bd5+ 56. Kh3 Be6 57. Qh8+ Kd5 58. g4 Rf3+ 59. Kg2 Rf4 60. Qg7 Bd4 61. Qxd4+ Rxd4 62. h8=Q Rxg4+ 63. Kf3 Rg5 64. Qc3 Re5 65. Qd3+ Kc6 66. Qc3+ Kd7 67. Qd3 Bd5+ 68. Kf2 Kc6 69. Qc3+ Kd7 70. Qxa5 Rg5 71. Qa4+ Bc6 72. Qf4 Rg7 73. Ke3 Re7+ 74. Kd2 Bd5 75. Qg4+ Be6 76. Qb4 c6 77. Qxb7+ Ke8 78. Qxc6+ Rd7 79. Qc8+ Ke7 80. Qc6 d5 81. b4 Rd6 82. Qc5 Bd7 83. b5 Bxb5 84. Qxb5 Ke6 85. Qe8+ Kf5 86. Kd3 d4 87. Qe7 Rg6 88. Qe4+ Kf6 89. Kxd4 Rg5 90. Qf4+ Kg6 91. Ke4 Rh5 92. Qg4+ Kh6 93. Kf4 Rc5 94. Qg8 Rc7 95. Qf8+ Rg7 96. Kf5 Kh7 97. Kf6 Rg6+ 98. Kf7 Rf6+ 0-1


[Site "https://www.chess.com"]

[Event "Titled Tuesday Blitz April 19 Late 2022"]
[White "Carrasco Miranda, Andres"]
[Black "Burke, Paul"]
[WhiteFideId "3405990"]
[BlackFideId "2605767"]
[WhiteElo "2177"]
[BlackElo "1880"]
[Result "1-0"]
[Round "09"]
[TimeControl "180+1"]
[Date "2022.04.19"]
[WhiteClock "0:00:30"]
[BlackClock "0:00:30"]

1. d4 Nf6 2. c4 c5 3. Nf3 e6 4. g3 d5 5. Bg2 Nc6 6. O-O a6 7. cxd5 exd5 8. Nc3 h6 9. a3 Be6 10. Ne5 Rc8 11. Nxc6 bxc6 12. Be3 c4 13. Bf4 Bd6 14. Bxd6 Qxd6 15. e4 Qd8 16. e5 Nd7 17. f4 Bf5 18. g4 Bd3 19. Rf3 O-O 20. f5 Qb6 21. Rxd3 cxd3 22. Qxd3 Nxe5 23. Qg3 Nc4 24. f6 Qxd4+ 25. Kh1 Qxf6 26. Rf1 Qe5 27. Qh4 Qg5 28. Qg3 Nxb2 29. h4 Qd2 30. g5 Nc4 31. gxh6 Qxh6 32. Rg1 Ne3 33. Bf3 Nf5 34. Qe5 Nxh4 35. Bh5 Ng6 36. Qf5 Nf4 37. Rg5 Nxh5 38. Rxh5 Qg6 39. Nxd5 Qxf5 40. Ne7# 1-0


[Site "https://www.chess.com"]

[Event "Titled Tuesday Blitz April 19 Late 2022"]
[White "Caruana, Fabiano"]
[Black "Jacobson, Brandon"]
[WhiteFideId "2020009"]
[BlackFideId "30901561"]
[WhiteElo "2744"]
[BlackElo "2362"]
[Result "1-0"]
[Round "09"]
[TimeControl "180+1"]
[Date "2022.04.19"]
[WhiteClock "0:00:11"]
[BlackClock "0:00:09"]

1. d4 Nf6 2. c4 e6 3. Nc3 d5 4. cxd5 exd5 5. Bg5 c6 6. e3 h6 7. Bh4 Be7 8. Bd3 O-O 9. Nge2 Re8 10. O-O Nbd7 11. Qc2 Nf8 12. Rae1 Ne6 13. f3 b5 14. Bf2 Bd7 15. Ng3 Rc8 16. Qd2 b4 17. Nce2 c5 18. dxc5 Bxc5 19. Nf5 Qb6 20. Rc1 Bb5 21. Bxb5 Qxb5 22. Bh4 Ng5 23. Ned4 Qa6 24. b3 Qb6 25. Kh1 Bf8 26. Bf2 Ne6 27. Nxe6 Qxe6 28. Nd4 Qb6 29. g4 g6 30. Kg2 h5 31. h3 Bc5 32. Bg3 Qa6 33. Rf2 Bf8 34. Rxc8 Qxc8 35. Bf4 Bg7 36. Qxb4 hxg4 37. hxg4 Nxg4 38. fxg4 Qxg4+ 39. Bg3 Rxe3 40. Qb8+ Kh7 41. Qf4 Rxg3+ 42. Qxg3 Qxd4 43. Rxf7 Qe4+ 44. Qf3 Qc2+ 45. Kh3 Qxa2 46. Qxd5 Qe2 47. Qf3 Qe6+ 48. Kg2 a5 49. Rb7 Qe5 50. Rd7 g5 51. Qd3+ Kh6 52. Qd6+ Qxd6 53. Rxd6+ Kh5 54. Rc6 Bf8 55. Kf3 Bb4 56. Rc4 Bd2 57. Rd4 Bb4 58. Rd8 Bc3 59. Rc8 Bb4 60. Rh8+ Kg6 61. Kg4 Bd2 62. Rd8 Be3 63. Rd5 Bb6 64. Rxg5+ Kf6 65. Rb5 Bd8 66. Kf4 Ke6 67. Ke4 Kd6 68. Kd4 Kc6 69. Kc4 Bc7 70. Rc5+ Kb6 71. Rh5 Kc6 72. Rh6+ Bd6 73. Rg6 Kc7 74. Kb5 Bb4 75. Rg7+ Kd6 76. Rg4 Kc7 77. Rg7+ Kd6 78. Rb7 Bd2 79. Ra7 1-0


[Site "https://www.chess.com"]

[Event "Titled Tuesday Blitz April 19 Late 2022"]
[White "Czopor, Maciej"]
[Black "Migot, Tangi"]
[WhiteFideId "21805431"]
[BlackFideId "662445"]
[WhiteElo "1999"]
[BlackElo "2553"]
[Result "1-0"]
[Round "09"]
[TimeControl "180+1"]
[Date "2022.04.19"]
[WhiteClock "0:00:04"]
[BlackClock "0:00:14"]

1. d4 Nf6 2. c4 e6 3. g4 d5 4. g5 Ne4 5. Bg2 Bb4+ 6. Kf1 Nc6 7. cxd5 exd5 8. Bxe4 dxe4 9. d5 Be6 10. a3 Ba5 11. b4 Bb6 12. Nc3 Bd4 13. Bb2 Bxc3 14. Bxc3 Bxd5 15. Bxg7 Rg8 16. Bf6 Qd6 17. h4 Ne7 18. Qd4 Nf5 19. Qe5+ Qxe5 20. Bxe5 O-O-O 21. Rh3 h6 22. Bf6 Rd7 23. Rc1 hxg5 24. hxg5 Nd6 25. Rh7 c6 26. Nh3 Nc4 27. Nf4 Nb6 28. a4 Nxa4 29. Nxd5 Rxd5 30. Rxf7 Nb6 31. Re7 Nd7 32. Rxe4 Nxf6 33. gxf6 Rh5 34. Ke1 Rf8 35. Rf4 Rh6 36. f7 Rh7 37. b5 Kc7 38. bxc6 bxc6 39. Rf6 Rh1+ 40. Kd2 Rd8+ 41. Kc2 Rxc1+ 42. Kxc1 Rf8 43. e4 Kd7 44. e5 a5 45. f4 a4 46. Kb2 Ke7 47. Rxc6 Kxf7 48. Rf6+ Ke7 49. Rxf8 Kxf8 50. Ka3 1-0


[Site "https://www.chess.com"]

[Event "Titled Tuesday Blitz April 19 Late 2022"]
[White "D`Arruda, Ricardo D."]
[Black "Hoffmann, Asa"]
[WhiteFideId "100692"]
[BlackFideId "2001470"]
[WhiteElo "2440"]
[BlackElo "2117"]
[Result "1-0"]
[Round "09"]
[TimeControl "180+1"]
[Date "2022.04.19"]
[WhiteClock "0:00:06"]
[BlackClock "0:00:48"]

1. Nf3 d6 2. d4 Bg4 3. Nc3 c6 4. e4 Nf6 5. Be2 e6 6. Be3 d5 7. e5 Nfd7 8. O-O c5 9. dxc5 Nc6 10. Nb5 Bxf3 11. Bxf3 Ndxe5 12. Be2 a6 13. f4 Nc4 14. Bxc4 dxc4 15. Nd6+ Bxd6 16. cxd6 O-O 17. f5 e5 18. f6 g6 19. Qg4 Re8 20. d7 Re6 21. Qg5 Qf8 22. Rad1 Rd8 23. Bb6 h6 24. Qd2 Nd4 25. Bxd8 Qxd8 26. c3 Nf5 27. g4 Nd6 28. Qxh6 Qb6+ 29. Rf2 Qxf2+ 30. Kxf2 Ne4+ 31. Kg2 Nxf6 32. d8=Q+ Ne8 33. Qdh4 1-0


[Site "https://www.chess.com"]

[Event "Titled Tuesday Blitz April 19 Late 2022"]
[White "Djokic, Mihailo"]
[Black "Noboa Silva, Kevin"]
[WhiteFideId "976440"]
[BlackFideId "3618471"]
[WhiteElo "2614"]
[BlackElo "2500"]
[Result "1-0"]
[Round "09"]
[TimeControl "180+1"]
[Date "2022.04.19"]
[WhiteClock "0:00:32"]
[BlackClock "0:00:10"]

1. e4 c5 2. Nf3 e6 3. d4 cxd4 4. Nxd4 Nc6 5. Nc3 a6 6. Be2 Nf6 7. O-O Be7 8. Be3 O-O 9. f4 d5 10. exd5 Nxd5 11. Nxd5 Qxd5 12. Bf3 Qd7 13. Nxc6 bxc6 14. Qe2 Bb7 15. Rfd1 Qc7 16. Qc4 c5 17. Bxb7 Qxb7 18. b3 Rfd8 19. a4 Bf6 20. Rab1 Rac8 21. Kf2 Rd5 22. Rd3 Rxd3 23. cxd3 h5 24. Rc1 h4 25. h3 Qb8 26. b4 g5 27. Bxc5 gxf4 28. Re1 a5 29. Qb5 axb4 30. Qxb8 Rxb8 31. a5 b3 32. a6 b2 33. a7 Ra8 34. d4 Kg7 35. Kf3 Kg6 36. Kxf4 Rc8 37. Rb1 Bg5+ 38. Ke4 Bc1 39. Kd3 Kf5 40. Kc4 Ke4 41. Kb5 Kd3 42. Kb6 Kc2 43. Kb7 Kxb1 44. Kxc8 Kc2 45. a8=Q b1=Q 46. Qe4+ Kb2 47. Ba3+ Ka1 48. Qxb1+ Kxb1 49. Bxc1 Kxc1 50. Kd7 Kd2 51. Ke7 Ke3 52. Kxf7 Kxd4 53. Kxe6 Ke3 54. Kf5 Kf2 55. Kg4 Kxg2 56. Kxh4 Kf3 57. Kg5 Ke4 58. h4 Ke5 59. Kg6 Ke6 60. h5 1-0


[Site "https://www.chess.com"]

[Event "Titled Tuesday Blitz April 19 Late 2022"]
[White "Dobrov, Vladimir"]
[Black "Nakamura, Hikaru"]
[WhiteFideId "4136594"]
[BlackFideId "2016192"]
[WhiteElo "2575"]
[BlackElo "2850"]
[Result "1-0"]
[Round "09"]
[TimeControl "180+1"]
[Date "2022.04.19"]
[WhiteClock "0:00:18"]
[BlackClock "0:00:02"]

1. c4 e5 2. Nc3 Nf6 3. Nf3 Nc6 4. e4 Bc5 5. Nxe5 O-O 6. Nf3 Re8 7. d3 d5 8. cxd5 Nxd5 9. Be2 Nf6 10. h3 Nd4 11. O-O b6 12. Be3 Ba6 13. Nxd4 Bxd4 14. a4 c5 15. Qc2 Rc8 16. Rfd1 Nd7 17. Bg4 Rc6 18. Bxd7 Qxd7 19. Nd5 Be5 20. Rac1 Bb7 21. f4 Bb8 22. Nc3 f5 23. Qf2 Rd6 24. e5 Rg6 25. g3 Rh6 26. Kh2 Qf7 27. h4 g5 28. fxg5 Rhe6 29. d4 cxd4 30. Bxd4 Bxe5 31. Bxe5 Rxe5 32. Rd2 f4 33. Qxf4 Rf5 34. Qd4 Rf1 35. Rxf1 Qxf1 36. Qg1 Qf3 37. Qd1 Qf5 38. Nd5 Kg7 39. Nf4 Kh8 40. Rd8 1-0


[Site "https://www.chess.com"]

[Event "Titled Tuesday Blitz April 19 Late 2022"]
[White "Dubov, Daniil"]
[Black "Holt, Conrad"]
[WhiteFideId "24126055"]
[BlackFideId "2034387"]
[WhiteElo "2791"]
[BlackElo "2586"]
[Result "1-0"]
[Round "09"]
[TimeControl "180+1"]
[Date "2022.04.19"]
[WhiteClock "0:00:05"]
[BlackClock "0:00:02"]

1. e4 e6 2. d4 d5 3. e5 c5 4. c3 Nc6 5. Nf3 Bd7 6. Na3 f6 7. Nc2 fxe5 8. Nxe5 Nxe5 9. dxe5 Qc7 10. Be2 O-O-O 11. O-O Qxe5 12. b4 Nf6 13. Bf3 Qc7 14. bxc5 Bxc5 15. Be3 e5 16. Rb1 Bf5 17. Re1 Bxe3 18. Rxe3 h5 19. h3 g5 20. Be2 d4 21. cxd4 Bxc2 22. Qe1 Nd5 23. Rxe5 Bxb1 24. Qxb1 Nc3 25. Qf5+ Kb8 26. Bf3 Rhf8 27. Qxg5 Rxf3 28. gxf3 b6 29. Re7 Qd6 30. Re3 Nd5 31. Re5 Nf6 32. Kh1 Rg8 33. Qf4 Qc7 34. Kh2 Rf8 35. Qh6 Nd7 36. f4 Kb7 37. Re4 Rf6 38. Qg5 Qd6 39. Kh1 a5 40. d5 Rf7 41. Re6 Qxf4 42. Qxf4 Rxf4 43. Kg2 h4 44. Rd6 Kc7 45. Rc6+ Kd8 46. Rd6 Rd4 47. Kf3 Ke7 48. Re6+ Kf7 49. Rd6 Ne5+ 50. Ke2 Nc4 51. Rh6 Kg7 52. Rh5 Kg6 53. Rh8 Kf5 54. Rh5+ Kf6 55. Kf3 Ke7 56. Rh6 Kd7 57. Ke2 a4 58. Kf3 b5 59. Ra6 Kc7 60. Rc6+ Kd7 61. Ra6 Nd6 62. Ke3 Rxd5 63. f4 Kc7 64. Kf3 Rd4 65. Kg4 b4 66. Rxa4 Kb6 67. Kg5 Kb5 68. Ra8 Ne4+ 69. Kxh4 Nc3 70. Kg5 Rd2 71. f5 Rg2+ 72. Kh5 Rf2 73. Kg6 Nxa2 74. f6 b3 75. f7 Nb4 76. f8=Q Rxf8 77. Rxf8 Nd3 78. Rf1 b2 79. Rb1 Kc4 80. h4 Kc3 81. Kf5 Nb4 82. h5 Nc6 83. h6 Ne7+ 84. Kg5 Nc8 85. Rxb2 Kxb2 86. h7 Nd6 87. h8=Q+ 1-0


[Site "https://www.chess.com"]

[Event "Titled Tuesday Blitz April 19 Late 2022"]
[White "Ezat, Mohamed"]
[Black "Hambleton, Aman"]
[WhiteFideId "10600906"]
[BlackFideId "2606577"]
[WhiteElo "2386"]
[BlackElo "2552"]
[Result "0-1"]
[Round "09"]
[TimeControl "180+1"]
[Date "2022.04.19"]
[WhiteClock "0:00:04"]
[BlackClock "0:00:05"]

1. d4 Nf6 2. c4 c5 3. d5 b5 4. cxb5 a6 5. Nc3 axb5 6. e4 b4 7. Nb5 d6 8. Bf4 Nbd7 9. Nf3 Nh5 10. Bg5 Qb6 11. Nd2 g6 12. Nc4 Qb8 13. e5 Bg7 14. g4 O-O 15. gxh5 Qxb5 16. Bxe7 Nxe5 17. hxg6 Nxc4 18. gxh7+ Kh8 19. Bxf8 Qe8+ 20. Qe2 Qxf8 21. Qxc4 Bxb2 22. Rb1 Bc3+ 23. Kd1 Qh6 24. Qd3 Bf5 25. Qe3 Qxe3 26. fxe3 Bxb1 27. Bg2 Bxh7 28. h4 Bd3 29. Rh3 Rxa2 30. Rf3 Ra1# 0-1


[Site "https://www.chess.com"]

[Event "Titled Tuesday Blitz April 19 Late 2022"]
[White "Fernandez Hernandez, Gerardo"]
[Black "Kanyamarala, Trisha"]
[WhiteFideId "2207400"]
[BlackFideId "45004722"]
[WhiteElo "2171"]
[BlackElo "2079"]
[Result "0-1"]
[Round "09"]
[TimeControl "180+1"]
[Date "2022.04.19"]
[WhiteClock "0:00:03"]
[BlackClock "0:00:29"]

1. e4 c5 2. d3 d6 3. g3 Nc6 4. Bg2 g6 5. f4 Bg7 6. Nf3 Nf6 7. O-O O-O 8. h3 Rb8 9. g4 b5 10. f5 Qb6 11. Kh1 Nd7 12. g5 a5 13. Nc3 Nd4 14. Nd5 Qd8 15. Nh4 Bb7 16. c3 Nc6 17. Be3 Nce5 18. Qe2 Re8 19. Rae1 e6 20. fxe6 fxe6 21. Nf4 Ba6 22. d4 Nc4 23. Qg4 Qe7 24. Bc1 cxd4 25. cxd4 Bxd4 26. Nfxg6 hxg6 27. Nxg6 Qg7 28. Nf4 Nc5 29. h4 Ne5 30. Qg3 Ned7 31. Qg4 b4 32. Nh5 Qg6 33. Rf3 Ne5 34. Nf6+ Qxf6 35. gxf6+ Nxg4 36. f7+ Kh7 37. fxe8=Q Rxe8 38. Rf7+ Kg6 39. Bf3 Nf2+ 40. Kg2 Kxf7 41. Bh5+ Ke7 42. Bg5+ Kd7 43. Bxe8+ Kxe8 0-1


[Site "https://www.chess.com"]

[Event "Titled Tuesday Blitz April 19 Late 2022"]
[White "Gledura, Benjamin"]
[Black "Andreikin, Dmitry"]
[WhiteFideId "712779"]
[BlackFideId "4158814"]
[WhiteElo "2326"]
[BlackElo "2736"]
[Result "0-1"]
[Round "09"]
[TimeControl "180+1"]
[Date "2022.04.19"]
[WhiteClock "0:00:46"]
[BlackClock "0:01:19"]

1. Nf3 d5 2. g3 Nf6 3. Bg2 Bg4 4. O-O e6 5. h3 Bh5 6. c4 c6 7. d4 Be7 8. Qb3 Qb6 9. Nc3 O-O 10. Bd2 Nbd7 11. e3 Bg6 12. Rfc1 dxc4 13. Qxc4 Qxb2 14. Nh4 Qxd2 15. Nxg6 hxg6 16. Rab1 Nb6 17. Qb3 Qd3 18. Nd5 Qxb3 19. Nxe7+ Kh7 20. Rxb3 Rae8 21. Nxc6 bxc6 22. Rxc6 Rc8 23. Rc5 Nfd7 24. Ra5 Rc7 25. Bf3 Rfc8 26. Kg2 Nc4 27. Ra6 Nd2 28. Rba3 Nxf3 29. Kxf3 Ra8 30. Rb3 Kg8 31. a4 Kf8 32. e4 Rb8 0-1


[Site "https://www.chess.com"]

[Event "Titled Tuesday Blitz April 19 Late 2022"]
[White "Golubev, Mikhail"]
[Black "Barria Zuniga, Daniel"]
[WhiteFideId "14100983"]
[BlackFideId "3400816"]
[WhiteElo "2374"]
[BlackElo "2414"]
[Result "1-0"]
[Round "09"]
[TimeControl "180+1"]
[Date "2022.04.19"]
[WhiteClock "0:00:21"]
[BlackClock "0:00:09"]

1. e4 e6 2. d4 d5 3. Nc3 Bb4 4. e5 Ne7 5. a3 Bxc3+ 6. bxc3 c5 7. a4 Qa5 8. Bd2 Nbc6 9. Nf3 Bd7 10. Bb5 a6 11. Be2 c4 12. O-O f6 13. exf6 gxf6 14. Re1 O-O-O 15. Qc1 h5 16. Nh4 Rdg8 17. Qa3 Ng6 18. Nxg6 Rxg6 19. Qd6 Qc7 20. Qxc7+ Kxc7 21. Bf3 Kd6 22. Rad1 e5 23. dxe5+ fxe5 24. Bc1 Be6 25. Ba3+ Kc7 26. Bxd5 Rd8 27. Bxe6 Rxd1 28. Rxd1 Rxe6 29. Kf1 b5 30. axb5 axb5 31. Ke2 Nd8 32. Rd5 Ra6 33. Bb4 Nc6 34. Rxb5 Ra2 35. Kd2 Kd7 36. Rc5 Ra1 37. Rxc4 Rg1 38. g3 Rg2 39. Ke3 Rxh2 40. Rh4 Rxh4 41. gxh4 Ke6 42. Ke4 Nb8 43. c4 Nd7 44. Bc3 Nc5+ 45. Ke3 Kf5 46. Bb4 Na6 47. Bd6 Ke6 48. c5 Kd5 49. f4 exf4+ 50. Kxf4 Nb4 51. Kg5 Nxc2 52. Kxh5 Ke6 53. Kg6 Ne3 54. h5 Ng4 55. h6 Nxh6 56. Kxh6 1-0


[Site "https://www.chess.com"]

[Event "Titled Tuesday Blitz April 19 Late 2022"]
[White "Hernandez Bermudez, Ulises Eduardo"]
[Black "Bas Mas, Jose Joaquin"]
[WhiteFideId "3902510"]
[BlackFideId "22219064"]
[WhiteElo "2056"]
[BlackElo "2212"]
[Result "1-0"]
[Round "09"]
[TimeControl "180+1"]
[Date "2022.04.19"]
[WhiteClock "0:01:09"]
[BlackClock "0:00:17"]

1. e4 c5 2. c3 d5 3. exd5 Qxd5 4. d4 Nf6 5. Nf3 e6 6. Be2 Nc6 7. Na3 Be7 8. Nc2 O-O 9. O-O a6 10. Be3 c4 11. Bf4 b5 12. a4 Bb7 13. axb5 axb5 14. Qd2 Ne4 15. Qe3 f5 16. Qc1 Rxa1 17. Qxa1 Ra8 18. Qc1 Qd8 19. Ne5 Nxe5 20. Bxe5 Bd6 21. Bxd6 Qxd6 22. Na3 Bc6 23. Bf3 Re8 24. Re1 Qd7 25. Nc2 Bb7 26. Nb4 h6 27. b3 cxb3 28. Qb2 Bd5 29. Bxe4 fxe4 30. Nxd5 exd5 31. Qxb3 Rc8 32. Rxe4 Rxc3 33. Qxc3 dxe4 34. Kf1 Qd5 35. Ke2 Kh7 36. Ke3 Kg6 37. Qc2 Kf6 38. Qxe4 Qxe4+ 39. Kxe4 Ke6 40. d5+ Kd6 41. Kd4 b4 42. Kc4 b3 43. Kxb3 Kxd5 44. Kc3 Ke4 45. Kd2 g5 46. Ke2 h5 47. f3+ Kf4 48. g3+ Kf5 49. Kd3 h4 50. Ke3 Ke5 51. gxh4 gxh4 52. h3 Kf5 53. f4 Kf6 54. Ke4 Ke6 55. f5+ Kf6 56. Kf4 Kf7 57. Kg5 Kg7 58. Kxh4 Kh6 59. Kg4 Kg7 60. Kg5 Kf7 61. f6 1-0


[Site "https://www.chess.com"]

[Event "Titled Tuesday Blitz April 19 Late 2022"]
[White "Herrera Reyes, Jose Antonio"]
[Black "Zlatin, Alexander"]
[WhiteFideId "2274914"]
[BlackFideId "2810549"]
[WhiteElo "2361"]
[BlackElo "2228"]
[Result "1-0"]
[Round "09"]
[TimeControl "180+1"]
[Date "2022.04.19"]
[WhiteClock "0:00:08"]
[BlackClock "0:00:02"]

1. Nf3 Nf6 2. g3 b5 3. Bg2 Bb7 4. d3 e6 5. O-O Be7 6. c3 O-O 7. Qb3 a6 8. a4 c6 9. Be3 d5 10. Nbd2 Nbd7 11. d4 Qb6 12. Ne5 Rfd8 13. f4 Qc7 14. h3 Nxe5 15. fxe5 Nd7 16. Rf2 c5 17. Raf1 Rf8 18. Nf3 Bc6 19. Bg5 bxa4 20. Qc2 Qd8 21. h4 h6 22. Bc1 Rb8 23. Nh2 f5 24. exf6 Nxf6 25. Bh3 Bd7 26. Bxh6 Ne4 27. Rxf8+ Bxf8 28. Bf4 Rb3 29. Bg2 Bc6 30. Ng4 cxd4 31. cxd4 Qb6 32. Ne5 Bb7 33. Nd7 Qxd4+ 34. e3 Qd2 35. Bxe4 Qxc2 36. Bxc2 Rxb2 37. Nxf8 Rxc2 38. Nxe6 d4 39. Rf2 Rc1+ 40. Rf1 Rc2 41. Rb1 d3 42. Rxb7 d2 43. Rxg7+ Kh8 44. Rd7 Rc1+ 45. Kf2 d1=Q 46. Rxd1 Rxd1 47. Be5+ Kg8 48. Ke2 Rb1 49. Bd6 Rb6 50. Nc5 Rxd6 51. Nxa4 Rc6 52. Kd3 Rg6 53. Nc5 Kf7 54. g4 a5 55. g5 Rc6 56. Kd4 Kg6 57. e4 Rd6+ 58. Ke5 Rd1 59. Ke6 Rc1 60. Kd5 Kh5 61. e5 Rd1+ 62. Kc6 Re1 63. e6 Kg6 64. Kd6 Rd1+ 65. Kc6 Re1 66. Kd7 Rd1+ 67. Ke7 Rd5 68. Ne4 a4 69. h5+ Kg7 70. h6+ Kg6 71. h7 1-0


[Site "https://www.chess.com"]

[Event "Titled Tuesday Blitz April 19 Late 2022"]
[White "Hnydiuk, Aleksander"]
[Black "Demchenko, Anton"]
[WhiteFideId "1109057"]
[BlackFideId "4160258"]
[WhiteElo "2374"]
[BlackElo "2539"]
[Result "1-0"]
[Round "09"]
[TimeControl "180+1"]
[Date "2022.04.19"]
[WhiteClock "0:00:07"]
[BlackClock "0:00:01"]

1. e4 e5 2. Nf3 Nc6 3. d4 exd4 4. Nxd4 Bc5 5. Nb3 Bb6 6. Nc3 d6 7. Qe2 a5 8. Nd5 Ba7 9. Be3 a4 10. Nd2 Nge7 11. Bxa7 Rxa7 12. Qe3 a3 13. b3 O-O 14. O-O-O Re8 15. Nc4 b5 16. Ne5 Nxd5 17. Rxd5 Rxe5 18. Bxb5 Qf6 19. Bxc6 Ra6 20. Qc3 Qxf2 21. Qxe5 Be6 22. Qd4 Qf4+ 23. Qd2 Qf6 24. Qd4 Qf4+ 25. Kb1 Rxc6 26. Rb5 h6 27. Rd1 Qg4 28. g3 Qe2 29. Qd3 Qxh2 30. Rb8+ Kh7 31. e5+ g6 32. Qe4 Rc5 33. exd6 Bf5 34. Rh8+ Kxh8 35. Qd4+ Kh7 36. Qxc5 1-0


[Site "https://www.chess.com"]

[Event "Titled Tuesday Blitz April 19 Late 2022"]
[White "Ibadov, Dashgyn"]
[Black "Jaskolka, Tomasz"]
[WhiteFideId "24107514"]
[BlackFideId "1170791"]
[WhiteElo "2138"]
[BlackElo "2073"]
[Result "1-0"]
[Round "09"]
[TimeControl "180+1"]
[Date "2022.04.19"]
[WhiteClock "0:00:04"]
[BlackClock "0:00:04"]

1. e4 c5 2. Nf3 e6 3. d4 cxd4 4. Nxd4 Nc6 5. Nc3 Qc7 6. Be3 a6 7. Qf3 Nf6 8. Nxc6 bxc6 9. O-O-O Bb4 10. Bd4 e5 11. Qg3 d6 12. Qxg7 Rg8 13. Qxf6 exd4 14. Qxd4 Bc5 15. Qd2 Be6 16. f4 Qa5 17. Kb1 Rb8 18. f5 Bb4 19. fxe6 Bxc3 20. exf7+ Kxf7 21. Bc4+ d5 22. Qf4+ Bf6 23. e5 Rxb2+ 24. Kxb2 Qb4+ 25. Kc1 Qa3+ 26. Kd2 Rxg2+ 27. Be2 Qa5+ 28. Ke3 Qc3+ 29. Rd3 Qc5+ 30. Kd2 Qa5+ 31. Rc3 Rxe2+ 32. Kxe2 Qxc3 33. Qxf6+ Ke8 34. Qf5 Qc4+ 35. Qd3 Qg4+ 36. Qf3 Qc4+ 37. Qd3 Qg4+ 38. Kf2 Qf4+ 39. Qf3 Qd2+ 40. Kg3 Qg5+ 41. Kh3 Qh6+ 42. Kg3 Qg5+ 43. Qg4 Qe3+ 44. Kh4 Qf2+ 45. Kh3 Qe3+ 46. Kh4 Qf2+ 47. Kh5 Qf7+ 48. Kh6 Qf8+ 49. Qg7 Qf4+ 50. Kxh7 Qh4+ 51. Kg8 Qf4 52. Qg6+ Kd8 53. e6 Ke7 54. Qf7+ 1-0


[Site "https://www.chess.com"]